 Dungeon Crawl Stone Soup version 0.30.0-29-ga12c61a403 (webtiles) character file.

Game seed: 10410004836486356047

9852 rddays123 the Summoner (level 11, -2/53 HPs)
             Began as a Felid Summoner on June 18, 2023.
             Was an Initiate of Gozag.
             Slain by a black mamba (5 damage)
             ... on level 2 of the Lair of Beasts on June 19, 2023.
             The game lasted 01:37:03 (17257 turns).

rddays123 the Summoner (Felid Summoner)            Turns: 17257, Time: 01:37:03

Health: -2/53      AC:  2    Str:  4    XL:     11   Next: 28%
Magic:  19/35      EV: 22    Int: 21    God:    Gozag
Gold:   355        SH:  0    Dex: 17    Spells: 8/30 levels left
                                        Lives:  0   Deaths: 3

rFire   x . .        (weapon unavailable)
rCold   + . .        (shield unavailable)
rNeg    . . .        (body armour unavailable)
rPois   .            (helmet unavailable)
rElec   .            (cloak unavailable)
rCorr   .            (gloves unavailable)
SInv    +            (boots unavailable)
Will    +....        z - amulet of the acrobat
Stlth   ++           K - ring of ice
HPRegen 0.28/turn    E - ring of magical power
MPRegen 0.24/turn

%: acrobat
@: on blink cooldown, quick
A: very small, claws 1, fangs 3, see invisible, speed 1, shaggy fur 2, stealthy
paws, no weapons or thrown items, no armour, multi-lived
a: Renounce Religion, Potion Petition, Call Merchant, Bribe Branch


You were on level 2 of the Lair of Beasts.
You worshipped Gozag.
Gozag was aware of your devotion.
You visited 3 branches of the dungeon, and saw 15 of its levels.

You collected 2413 gold pieces.
You spent 948 gold pieces at shops.
You paid 1110 gold pieces to Gozag.

Inventory:

Jewellery
 u - a ring of ice
 y - a ring of fire
 z - an amulet of the acrobat (around neck)
 D - a +6 ring of intelligence
 E - a ring of magical power (right paw)
 J - a +6 ring of strength
 K - a ring of ice (left paw)
 L - a ring of fire
Wands
 t - a wand of mindburst (22)
 B - a wand of iceblast (33)
 F - a wand of polymorph (2)
 G - a wand of charming (8)
 I - a wand of flame (14)
Scrolls
 b - a scroll of blinking
 c - 3 scrolls of magic mapping
 i - 6 scrolls of teleportation
 j - 4 scrolls of fog
 l - 2 scrolls of immolation {unknown}
 m - 3 scrolls of poison
 n - a scroll of torment {unknown}
 o - 4 scrolls of vulnerability
 p - 3 scrolls of fear
 q - a scroll of enchant armour {unknown}
 r - a scroll of acquirement {unknown}
 A - a scroll of amnesia {unknown}
 M - a scroll of noise {unknown}
 N - a scroll of enchant weapon {unknown}
Potions
 a - a potion of magic
 d - 3 potions of attraction
 e - a potion of flight {unknown}
 f - 11 potions of curing
 g - 3 potions of resistance
 h - 4 potions of mutation
 k - 2 potions of haste
 s - 3 potions of heal wounds
 v - 2 potions of degeneration
 w - a potion of might {unknown}
 x - 5 potions of lignification
 C - 2 potions of invisibility


   Skills:
 + Level 9.5 Fighting
 + Level 8.0 Dodging
 - Level 3.0 Stealth
 - Level 10.0 Spellcasting
 - Level 5.0 Hexes
 - Level 10.0 Summonings
 - Level 5.0 Translocations
 + Level 4.4 Transmutations
 + Level 8.0 Air Magic


You had 8 spell levels left.
You knew the following spells:

 Your Spells              Type           Power      Damage    Failure   Level
a - Summon Small Mammal   Summ           100%       N/A       1%          1
b - Call Imp              Summ           100%       N/A       1%          2
c - Call Canine Familiar  Summ           51%        N/A       1%          3
d - Summon Guardian Gole  Hex/Summ       42%        N/A       1%          3
e - Summon Lightning Spi  Summ/Air       48%        N/A       1%          4
f - Blink                 Tloc           62%        N/A       1%          2
g - Storm Form            Tmut/Air       18%        N/A       99%         7

Your spell library contained the following spells:

 Spells                   Type           Power      Damage    Failure   Level
 Shock                    Conj/Air       100%       1d9       1%          1
 Lesser Beckoning         Tloc           62%        N/A       1%          2
 Swiftness                Air            44%        N/A       1%          3
 Airstrike                Air            22%        2d(4-20)  2%          4
 Cigotuvi's Dreadful Rot  Necr/Pois/Air  42%        N/A       3%          2
 Momentum Strike          Conj/Tloc      42%        3d9       3%          2
 Summon Ice Beast         Ice/Summ       47%        N/A       9%          4
 Ignite Poison            Fire/Tmut/Pois 16%        N/A       11%         3
 Frozen Ramparts          Ice            30%        1d5       19%         3
 Ice Form                 Ice/Tmut       29%        N/A       26%         4
 Freezing Cloud           Conj/Ice/Air   16%        6-21      52%         5
 Borgnjor's Revivificati  Necr           5%         N/A       100%        8
 Maxwell's Capacitive Co  Air            22%        ∞         100%        8
 Necromutation            Tmut/Necr      9%         N/A       100%        8
 Death's Door             Necr           5%         N/A       100%        9


Dungeon Overview and Level Annotations

Branches:
Dungeon (12/15)            Temple (1/1) D:6            Lair (2/5) D:11
 Shoals (0/4) Lair:2          Orc (0/2) D:10
  Snake: Lair:2-3    Spider: Lair:2-3

Altars:
Ashenzari
Cheibriados
Dithmenos
Elyvilon
Fedhas
Gozag
Hepliaklqana
Kikubaaqudgha
Makhleb
Nemelex Xobeh
Okawaru
Qazlal
Ru
Sif Muna
Trog
Uskayaw
Vehumet
Wu Jian
Xom
Yredelemnul
Zin
The Shining One

Shops:
D:1 !   D:5 =   D:9 :   D:10 ([?

Annotations:
D:4 Eustachio


Innate Abilities, Weirdness & Mutations

You have sharp claws.
You have razor-sharp teeth.
You have supernaturally acute eyesight. (SInv)
You cover ground quickly. (Speed+)
You are covered in thick fur. (AC +2)
Your paws help you pounce on unaware monsters.
You are incapable of wielding weapons or throwing items.
You cannot wear armour.
You gain extra lives every three experience levels.


Message History

The black mamba hisses angrily.
You feel sick.
The black mamba is no longer distracted by gold.
The yak gores your cerulean imp.
You feel sick.
You feel sick.
You feel sick.
You are no longer poisoned.
The black mamba completely misses you.
The black mamba attacks as you move away!
The black mamba completely misses you.
Your wolf barely misses the black mamba.
The black mamba completely misses you.
Your wolf barely misses the black mamba.
The black mamba attacks as you move away!
The black mamba completely misses you. The black mamba bites you.
The black mamba attacks as you move away!
The black mamba bites you!
* * * LOW HITPOINT WARNING * * *
The black mamba closely misses you.
Your wolf barely misses the black mamba.
The black mamba attacks as you move away!
The black mamba bites you.
* * * LOW HITPOINT WARNING * * *
Casting: Summon Guardian Golem (safe; 1% risk of failure)
Confirm with . or Enter, or press ? or * to list all spells.
Okay, then.
Casting: Summon Guardian Golem (safe; 1% risk of failure)
Confirm with . or Enter, or press ? or * to list all spells.
You blink.
Your wolf bites the black mamba.
The black mamba completely misses you.
Your cerulean imp hits the black mamba with a +1 spear.
A water moccasin comes into view.
Your wolf bites the black mamba!
You scratch the black mamba but do no damage.
Your bite misses the black mamba.
The black mamba is moderately wounded.
The black mamba bites you.
You die...
Your body crumbles into a pile of gold.

..........# #..........##
..........# ##.5.......#
..........# ### #..........##
..........###.#########.........#
..............#...#.#.#S.......P#
.....................#.........##
...................9.Y..........#
.............§.h5..............##
...............S@F.............#
..............................##
..............................P
...............................
##........#.........P#........
#...........####.######...##.
......P.....# ##. ####
.....#P....P# # ..........P##


You could see a black mamba (ally target), a yak (distracted), a cane toad, a
water moccasin, a friendly guardian golem (summoned), a friendly wolf (summoned,
sheltered) and a friendly cerulean imp (summoned, sheltered).

Vanquished Creatures (collateral kills)
  Gastronok (D:8)
  The ghost of Diotikk the Cleaver, a journeyman DsFi of Okawaru (D:11)
  A hydra (Lair:2)
  4 two-headed ogres
  A cyclops (D:11)
  A merfolk siren (Lair:2)
  3 cane toads
  2 black mambas
  3 komodo dragons (Lair:2)
  A kobold demonologist (D:9)
  A rime drake (Lair:2)
  Maggie (D:9)
  A troll (D:11)
  A hornet (D:10)
  A polar bear (Lair:2)
  A meliai (D:12)
  2 centaur simulacra (D:11)
  A wraith (D:10)
  A wyvern (Lair:2)
  16 yaks
  An acid dragon (D:10)
  2 water moccasins
  An orc warrior (D:11)
  4 ogres
  5 ice beasts
  3 centaurs
  3 bullfrogs
  2 kobold brigands
  4 scorpions
  6 killer bees (D:9)
  4 howler monkeys
  4 orc priests
  4 hounds
  3 gnoll boudas
  2 jellies (D:5)
  4 iguanas
  11 orc wizards
  A boggart simulacrum (D:11)
  16 gnolls
  9 adders
  2 white imps
  2 worms
  3 dart slugs
  50 orcs
  5 bats
  8 endoplasms
  5 goblins
  9 hobgoblins
  13 kobolds
  6 quokkas
  6 ball pythons
  3 rats
  2 butterflies (Lair:1)
247 creatures vanquished.

Vanquished Creatures (others)
  A two-headed ogre (D:11)
  Amaemon (D:8)
  Pikel (D:8)
  A black mamba (Lair:1)
  An orange demon (D:8)
  2 cane toads (Lair:1)
  A rime drake (Lair:2)
  A komodo dragon (Lair:1)
  2 yaks
  A wyvern (Lair:2)
  3 orc warriors
  A black bear (D:8)
  2 centaurs (D:7)
  3 killer bees (D:7)
  An orc wizard (D:11)
  A boggart simulacrum (D:11)
  An orc (D:10)
  A kobold (D:11)
25 creatures vanquished.

Grand Total: 272 creatures vanquished

Notes
Turn   | Place    | Note
-------+----------+-------------------------------------------
     0 | D:1      | rddays123 the Felid Summoner began the quest for the Orb.
     0 | D:1      | Reached XP level 1. HP: 7/7 MP: 4/4
   442 | D:1      | Reached XP level 2. HP: 11/11 MP: 3/6
   488 | D:1      | Found Ykyhe's Distillery.
   961 | D:1      | Learned a level 2 spell: Call Imp
  1140 | D:1      | Reached XP level 3. HP: 14/14 MP: 1/7
  1144 | D:1      | Learned a level 3 spell: Call Canine Familiar
  1286 | D:1      | Found a faded altar of an unknown god.
  2846 | D:3      | Noticed a scorpion
  2866 | D:3      | Killed a scorpion
  2867 | D:3      | Reached skill level 5 in Summonings
  2867 | D:3      | Reached XP level 4. HP: 18/18 MP: 6/10
  3130 | D:3      | Reached XP level 5. HP: 21/21 MP: 1/11
  3426 | D:3      | Noticed an ice beast
  3454 | D:3      | Killed an ice beast
  3455 | D:3      | Gained mutation: You are covered in thick fur. (AC +2)
                  | [Felid growth]
  3455 | D:3      | Reached XP level 6. HP: 24/24 MP: 2/13
  3910 | D:4      | Learned a level 3 spell: Summon Guardian Golem
  4236 | D:4      | Noticed Eustachio
  4255 | D:4      | Found a stormy altar of Qazlal.
  4509 | D:4      | Killed from afar by a white imp
  4510 | D:4      | Reached XP level 5. HP: -1/21 MP: 6/12
  4623 | D:4      | Found a radiant altar of Vehumet.
  4949 | D:5      | Entered Level 5 of the Dungeon
  4964 | D:5      | Noticed an ogre
  4975 | D:5      | Killed an ogre
  4976 | D:5      | Reached skill level 1 in Hexes
  4976 | D:5      | Reached XP level 6. HP: 25/25 MP: 9/14
  4978 | D:5      | Found a sparkling altar of Nemelex Xobeh.
  5059 | D:5      | Reached skill level 1 in Fighting
  5421 | D:5      | Reached skill level 5 in Spellcasting
  5459 | D:5      | Found Vaskolucwi's Jewellery Shoppe.
  5584 | D:5      | Found a runed translucent door.
  5614 | D:5      | Reached XP level 7. HP: 30/30 MP: 9/15
  6497 | D:6      | Found a hide-covered altar of Uskayaw.
  6587 | D:6      | Found a bloodstained altar of Trog.
  6989 | D:6      | Reached XP level 8. HP: 34/34 MP: 7/17
  6994 | D:6      | Learned a level 4 spell: Summon Lightning Spire
  7416 | D:6      | Reached skill level 5 in Hexes
  7585 | D:6      | Found a staircase to the Ecumenical Temple.
  7600 | Temple   | Entered the Ecumenical Temple
  7649 | Temple   | Became a worshipper of Gozag Ym Sagoz the Greedy
  7753 | D:7      | Reached skill level 1 in Air Magic
  9010 | D:8      | Noticed Amaemon
  9010 | D:8      | Noticed an orange demon
  9131 | D:8      | Killed Amaemon
  9132 | D:8      | Reached skill level 5 in Fighting
  9132 | D:8      | Reached XP level 9. HP: 37/40 MP: 2/20
  9281 | D:8      | Killed an orange demon
  9333 | D:8      | Found a transporter.
  9340 | D:8      | Found a transporter.
  9373 | D:8      | Found a transporter.
  9444 | D:8      | Found an ancient bone altar of Kikubaaqudgha.
  9522 | D:5      | Bought a ring of magical power for 200 gold pieces
  9788 | D:8      | Noticed a two-headed ogre
  9796 | D:8      | Killed a two-headed ogre
  9923 | D:8      | Found a glowing silver altar of Zin.
  9930 | D:8      | Noticed Gastronok
  9945 | D:8      | Killed Gastronok
  9946 | D:8      | Reached XP level 10. HP: 46/46 MP: 22/22
  9960 | D:8      | Reached skill level 5 in Air Magic
 10156 | D:8      | Found a sacrificial altar of Ru.
 10173 | D:8      | Noticed Pikel
 10191 | D:8      | Killed Pikel
 10352 | D:8      | Found a shimmering altar of Xom.
 10829 | D:8      | Found a transporter.
 11435 | D:9      | Noticed Maggie
 11452 | D:9      | Killed Maggie
 11571 | D:9      | Learned a level 2 spell: Blink
 11770 | D:9      | Reached skill level 10 in Summonings
 11861 | D:10     | Entered Level 10 of the Dungeon
 11907 | D:10     | Reached skill level 1 in Translocations
 12015 | D:10     | Noticed a two-headed ogre
 12021 | D:10     | Killed a two-headed ogre
 12022 | D:10     | Reached XP level 11. HP: 51/51 MP: 23/24
 12186 | D:10     | Found Wyfaynyck's Armour Shoppe.
 12186 | D:10     | Found a staircase to the Orcish Mines.
 12217 | D:10     | Found Wunluly's Weapon Shoppe.
 12308 | D:10     | Noticed a two-headed ogre
 12309 | D:10     | Noticed a two-headed ogre
 12314 | D:10     | Killed a two-headed ogre
 12319 | D:10     | Killed a two-headed ogre
 12401 | D:10     | Found a shimmering blue altar of Sif Muna.
 12676 | D:10     | Found an ornate altar of the Wu Jian Council.
 12685 | D:10     | Found a broken altar of Ashenzari.
 13374 | D:11     | Reached skill level 5 in Dodging
 13477 | D:11     | Found a runed translucent gate.
 13479 | D:11     | Found a runed translucent gate.
 13479 | D:11     | Found a runed translucent gate.
 13502 | D:11     | Noticed Diotikk's ghost (journeyman DsFi)
 13538 | D:11     | Found a staircase to the Lair.
 13603 | D:11     | Noticed a two-headed ogre
 13629 | D:11     | Killed a two-headed ogre
 13777 | D:11     | Reached skill level 5 in Translocations
 15114 | D:11     | Reached skill level 1 in Transmutations
 15138 | D:11     | Mangled by a centaur warrior simulacrum
 15139 | D:11     | Reached XP level 10. HP: -11/49 MP: 30/33
 15191 | D:12     | Noticed a gargoyle
 15381 | D:11     | Killed Diotikk's ghost
 15504 | D:12     | Killed from afar by a meliai
 15505 | D:12     | Reached XP level 9. HP: -4/45 MP: 22/32
 15575 | Lair:1   | Entered Level 1 of the Lair of Beasts
 15638 | Lair:1   | Noticed a black mamba
 15642 | Lair:1   | Killed a black mamba
 15643 | Lair:1   | Reached XP level 10. HP: 49/49 MP: 24/24
 15688 | Lair:1   | Noticed a cane toad
 15699 | Lair:1   | Killed a cane toad
 15768 | Lair:1   | Noticed a cane toad
 15797 | Lair:1   | Killed a cane toad
 16008 | Lair:1   | Noticed a cane toad
 16012 | Lair:1   | Noticed a black mamba
 16016 | Lair:1   | Killed a cane toad
 16018 | Lair:1   | Killed a black mamba
 16059 | Lair:1   | Noticed a cane toad
 16070 | Lair:1   | Killed a cane toad
 16575 | Lair:2   | Noticed a merfolk siren
 16583 | Lair:2   | Killed a merfolk siren
 16609 | Lair:2   | Found a staircase to the Shoals.
 16695 | D:9      | Bought a book of the Sky for 748 gold pieces
 16703 | D:9      | Learned a level 7 spell: Storm Form
 16763 | Lair:2   | Noticed a seven-headed hydra
 16777 | Lair:2   | Killed a seven-headed hydra
 16778 | Lair:2   | Reached XP level 11. HP: 38/53 MP: 20/25
 17226 | Lair:2   | Reached skill level 10 in Spellcasting
 17257 | Lair:2   | Slain by a black mamba

Illustrated notes

Levels and vault maps discovered:
D:1:      psy_arrival_fountain, layout_loops_ring, serial_shops, shop,
          shapermc_ecumenical_altar_petra, minmay_small_reverse_x
D:2:      layout_loops_corners
D:3:      layout_loops_ring, minmay_distorted
D:4:      layout_loops_cross, lemuel_crystal_altar, nicolae_vehumet_altar_sigil,
          hangedman_decor_growths, uniq_eustachio
D:5:      layout_rooms, mainiacjoe_overflow_alcove_1, serial_shops, shop,
          lightli_church_of_beogh
D:6:      layout_gridville, eat_drink_and_be_merry_uskayaw,
          mainiacjoe_overflow_six_doors_small, temple_green
D:7:      layout_gridville
D:8:      layout_loops_corners, mainiacjoe_overflow_surrounded_room,
          kiku_gazebo_pond_becter, amcnicky_altar_gilded, old_standard_altar,
          nicolae_transporter_intersection, uniq_amaemon, uniq_pikel,
          uniq_gastronok
D:9:      layout_gridville, uniq_maggie
D:10:     layout_basic, kennysheep_mini, mainiacjoe_overflow_swirl, orc_david_3
D:11:     layout_layer_cave, lair_entry_dummy, gammafunk_ghost_icy,
          minmay_misc_feat_cross
D:12:     layout_roguey, serial_corexii_hall, corexii_hall_statues_l,
          chequers_hall_statues_wall_a, minmay_misc_feat_nine_boxes
Temple:   zaba_magenta_temple
Lair:1:   layout_roguey, lemuel_fruit_fields
Lair:2:   nzn_winding_woodlands_cross
          [nzn_winding_woodlands_5x15_river_crossing,
          nzn_winding_woodlands_5x15_pool,
          nzn_winding_woodlands_5x15_lazy_stream,
          nzn_winding_woodlands_5x15_eye,
          nzn_winding_woodlands_15x15_boxy_spiral], layout_hall_layers,
          minmay_shoals_entry_lonely_mermaid, bh_autumn_forest_stairs

Skill      XL: |  1  2  3  4  5  6  7  8  9 10 11 |
---------------+----------------------------------+-----
Stealth        | 3 |  3.0
Spellcasting   | 3 4 5 6 7 8 10 | 10.0
Summonings     | 5 6 7 8 9 10 | 10.0
Hexes          | 1 3 4 5 |  5.0
Fighting       | 2 3 5 6 9 8 |  9.5
Air Magic      | 3 4 6 8 |  8.0
Dodging        | 7 8 |  8.0
Translocations | 2 5 |  5.0
Transmutations | 3 4 |  4.4

Action                     |  1- 3 |  4- 6 |  7- 9 | 10-12 || total
---------------------------+-------+-------+-------+-------++-------
  Melee: Unarmed           |     1 |     1 |     1 |     4 ||     7
   Cast: Summon Small Mamm |    92 |    35 |    43 |    22 ||   192
         Call Imp          |     9 |    18 |    31 |    33 ||    91
         Call Canine Famil |       |    20 |    42 |    44 ||   106
         Summon Guardian G |       |       |    23 |    46 ||    69
         Summon Lightning  |       |       |     6 |    35 ||    41
         Blink             |       |       |       |     1 ||     1
 Invoke: Call Merchant     |       |       |       |     2 ||     2
    Use: Scroll            |       |       |     4 |    12 ||    16
 Armour: Skin              |     1 |     7 |     2 |     1 ||    11
  Dodge: Dodged            |    22 |    37 |    48 |    67 ||   174
